cohdb
Replays
Latest Replays
All Replays
Popular Replays
Top Player Replays
Match Explorer
How It Works
Community
CoH3 Stats
Reddit
Sign in to upload your games and track your stats! →
Sign in with Steam
Match 47201943
Unlisted
Match 47201943
Overview
Messages
Build Orders
End
Panzerpioneer Squad
250 Light Carrier
Panzergrenadier Squad
Construct Light Support Kompanie
Assault Grenadier Squad
MG34 Team
2.5-tonne Medical Truck
Panzerjäger Mechanized Group
Fire Support Elements
Selects Panzerjäger Kommand Battlegroup
Selects Tank Busters
Construct Panzerarmee Kommand
Panzer III L Medium Tank
Vehicle Survival Package
Emergency Repair Kits
Armored Reserves
Tiger Heavy Tank
Selects Crew Shock Tactics
Selects Elefant Tank Destroyer
Selects Mine Fields
Walking Stuka Rocket Launcher
Panzerjäger Squad
Selects Defensive Positions
Selects Butterfly Bomb Drop
Butterfly Bomb Drop
Assault Grenadier Squad
Goodvyn
Will
0
0
Comments
sign in to comment!
No comments posted yet!